 Dungeon Crawl Stone Soup version 0.27-a0-860-gaf99fae3ca (webtiles) character file.

Game seed: 10807217962463365699

11 jasper the Charlatan (level 2, -1/21 HPs)
             Began as a Demonspawn Artificer on Apr 1, 2021.
             Slain by an adder (3 damage)
             ... on level 2 of the Dungeon.
             The game lasted 00:01:12 (147 turns).

jasper the Charlatan (Demonspawn Artificer)          Turns: 147, Time: 00:01:13

Health: -1/21      AC:  4    Str: 12    XL:     2   Next: 13%
Magic:  2/2        EV: 11    Int: 12    God:
Gold:   6          SH:  4    Dex: 13    Spells: 1/1 levels left

rFire    . . .     SeeInvis .   a - +0 club
rCold    . . .     Faith    .   (no shield)
rNeg     . . .     Spirit   .   b - +0 leather armour
rPois    .         Reflect  .   (no helmet)
rElec    .         Harm     .   (no cloak)
rCorr    .         Rampage  .   f - +0 pair of gloves
Will     .....                  (no boots)
Stlth    +.........             (no amulet)
HPRegen  0.07/turn              (no ring)
MPRegen  0.08/turn              (no ring)

@: lethally poisoned (-1 -> -8)
A: condensation shield
a: no special abilities


You were on level 2 of the Dungeon.
You visited 1 branch of the dungeon, and saw 2 of its levels.

You collected 6 gold pieces.

Inventory:

Hand Weapons
 a - a +0 club (weapon)
Missiles
 g - 8 poisoned darts
Armour
 b - a +0 leather armour (worn)
 f - a +0 pair of gloves (worn)
Wands
 d - a wand of charming (11)
 e - a wand of random effects (14)


   Skills:
 + Level 1.2 Fighting
 + Level 2.0 Armour
 + Level 1.1 Dodging
 - Level 0.8 Stealth
 * Level 3.2 Evocations


You had one spell level left.
You didn't know any spells.
Your spell library was empty.

Dungeon Overview and Level Annotations

Branches:
Dungeon (2/15)

Altars:


Innate Abilities, Weirdness & Mutations

A meltable shield of frost defends you. (SH +4)


Message History

g - Guard the area. f - Follow me.
Anything else - Cancel.
Gang up on whom?
Press: ? - help, Dir - move target, f - endoplasm
Aim: an endoplasm (ally target) Attack!
The endoplasm hits your adder.
Your adder barely misses the endoplasm.
The endoplasm hits your adder but does no damage.
Your adder bites the endoplasm but does no damage.
The endoplasm misses your adder.
Your adder barely misses the endoplasm.
Your adder bites the endoplasm.
The endoplasm hits your adder.
Your adder bites the endoplasm.
The endoplasm misses your adder.
Your adder bites the endoplasm.
The endoplasm dies!
Your Armour skill increases to level 2!
You start resting.
The adder is no longer charmed.
The adder barely misses you.
An adder is nearby!
An adder is nearby!
Aiming: Random Effects
Press: ? - help, Shift-Dir - straight line, f - adder
Aim: an adder (moderately wounded)
The adder flickers and vanishes!
Deactivating autopickup; reactivate with Ctrl-A.
Something bites you.
* * * LOW HITPOINT WARNING * * *
You are lethally poisoned!
Something poisons you! Something bites you but does no damage.
You take 2 damage, and have 6/21 hp.
You aren't carrying any potions.
As you read the scroll labelled HEONACOUWA, it crumbles to dust.
It is a scroll of identify.
You don't have any unidentified items.
* * * LOW HITPOINT WARNING * * *
You feel sick. Something barely misses you.
You take 2 damage, and have 4/21 hp.
You closely miss something.
* * * LOW HITPOINT WARNING * * *
You feel sick. Something bites you.
You die...

#####.......#
#...#.......##+
#...#..........
#...#..........
.#+####...#..........
..........#..........
..........#..<.......
.......{..#†.........
#+####@.....?.......
###............
#............
#............
#............
+...........>
#..........#
#..........


There were no monsters in sight!

Vanquished Creatures
  A bat (D:1)
  An endoplasm (D:1)
  2 hobgoblins (D:1)
  2 kobolds (D:1)
  A quokka (D:1)
7 creatures vanquished.

Vanquished Creatures (collateral kills)
  An endoplasm (D:2)
  A hobgoblin (D:2)
  A rat (D:2)
3 creatures vanquished.

Grand Total: 10 creatures vanquished

Notes
Turn   | Place    | Note
-------+----------+-------------------------------------------
     0 | D:1      | jasper the Demonspawn Artificer began the quest for the
                  | Orb.
     0 | D:1      | Reached XP level 1. HP: 15/15 MP: 1/1
    15 | D:1      | Reached skill level 1 in Dodging
    52 | D:1      | Gained mutation: A meltable shield of frost defends you.
                  | (SH +4) [demonic ancestry]
    52 | D:1      | Reached XP level 2. HP: 13/21 MP: 2/2
   147 | D:2      | Slain by an adder

Illustrated notes

Levels and vault maps discovered:
D:1:      roderic_chinese_lattice_arrival, layout_rooms, basic_ecumenical_altar,
          minivault_11, minivault_19, minmay_curled_crystal, st_stairs_6
D:2:      layout_basic, uniq_robin, uniq_terence

Skill      XL: |  1  2 |
---------------+-------+-----
Dodging        | 1 |  1.1
Armour         | 2 |  2.0
Fighting       | |  1.2
Stealth        | |  0.8
Evocations     | |  3.2

Action                   || total
-------------------------++-------
Melee: Club              ||    14
Evoke: Wand              ||    20
  Use: Scroll            ||     1
Armor: Leather armour    ||     5
Dodge: Dodged            ||    19
Block: Other             ||     3

Table legend: (Time is in decaauts)
 A = Elapsed time spent in this place.
 B = Non-inter-level travel time spent in this place.
 C = Inter-level travel time spent in this place.
 D = Time resting spent in this place.
 E = Time spent auto-exploring this place.
 F = Levels seen in this place.
 G = Mean time per level.
                   A        B        C        D        E       F      G
               +--------+--------+--------+--------+--------+-----+--------+
         Total |    150 |    150 |      0 |     25 |     17 |   2 |   75.0 |
       Dungeon |    150 |    150 |      0 |     25 |     17 |   2 |   75.0 |
               +--------+--------+--------+--------+--------+-----+--------+

Top non-repeatable levels by time:
     D:1: 122 daAuts
     D:2: 28 daAuts
